 Dungeon Crawl Stone Soup version 0.17.0-28-g6e173f8 (webtiles) character file.

252 ketsa the Chopper (level 5, -10/75 HPs)
             Began as a Deep Dwarf Berserker on Nov 29, 2015.
             Was a Believer of Trog.
             Mangled by an orc warrior
             ... wielding a +0 glaive
              (19 damage)
             ... on level 3 of the Dungeon.
             The game lasted 00:06:47 (2622 turns).

ketsa the Chopper (Deep Dwarf Berserker)            Turns: 2622, Time: 00:06:48

Health: -10/75     AC:  7    Str: 26    XL:     5   Next: 89%
Magic:  5/5        EV: 11    Int:  8    God:    Trog [**....]
Gold:   115        SH:  0    Dex: 12    Spells: 0 memorised, 4 levels left

rFire  + . .     SeeInvis .     a - +0 hand axe
rCold  . . .     Clarity  .     g - +0 ring mail
rNeg   . . .     SustAt   .     (no shield)
rPois  .         Gourm    .     (no helmet)
rElec  .         Spirit   .     l - +0 cloak
rCorr  .         Warding  .     (no gloves)
rMut   .         Stasis   .     (no boots)
MR     .....                    (no amulet)
Stlth  ..........               (no ring)
                                j - ring of protection from fire

@: berserking, non-regenerating, very quick, not resistant to hostile
enchantments, extremely unstealthy
A: damage resistance, recharge devices, sense surroundings 1, slow regeneration
3
a: Device Recharging, Berserk, Trog's Hand, Burn Spellbooks, Renounce Religion


You were on level 3 of the Dungeon.
You worshipped Trog.
Trog was pleased with you.
You were not hungry.

You visited 1 branch of the dungeon, and saw 4 of its levels.

You collected 115 gold pieces.

Inventory:

Hand Weapons
 a - a +0 hand axe (weapon)
Armour
 g - a +0 ring mail (worn)
 l - a +0 cloak (worn)
Jewellery
 j - a ring of protection from fire (left hand)
Wands
 c - a wand of heal wounds (7)
Scrolls
 e - 2 scrolls of identify
 h - a scroll of recharging
 m - a scroll of teleportation {unknown}
 o - a scroll of remove curse
 p - a scroll of random uselessness {unknown}
Potions
 f - 2 potions of lignification
 i - a potion of curing {unknown}
 k - a potion of heal wounds {unknown}
Comestibles
 b - a chunk of flesh
 d - 5 bread rations
 n - a meat ration


   Skills:
 + Level 3.7 Fighting
 * Level 5.7 Axes
 + Level 3.8 Armour
 - Level 2.1 Dodging


You had 4 spell levels left.
You didn't know any spells.

Dungeon Overview and Level Annotations

Branches:
Dungeon (4/15)
 Temple: D:4-7

Altars:
Fedhas


Innate Abilities, Weirdness & Mutations

You are resistant to damage.
You can recharge devices by infusing magical energy.
You passively map a small area around you.
You do not regenerate naturally.


Message History

The orc warrior hits you from afar with a glaive!!
* * * LOW HITPOINT WARNING * * *
Things that are here:
a mace; a chain mail; an orc corpse A red film seems to cover your vision as you go berserk!
You feel yourself moving faster!
You feel mighty!
You feel somewhat more hungry.
You feel a strong urge to attack something.
The orc warrior closely misses you.
You slash the orc warrior!
The orc warrior is heavily wounded.
You hit the orc warrior but do no damage.
The orc warrior is heavily wounded.
The orc warrior completely misses you.
You barely miss the orc warrior.
The orc warrior is heavily wounded.
You hit the orc warrior.
The orc warrior is severely wounded.
The orc warrior hits you with a glaive!!
You die...

, #. . ..♣###########. .. *
♣♣♣♣..♣#.......... * *#..
#(.♣♣.♣........### *
..###*#...............## *,
...##...............##
,,#..#...............#. *
,#o.o..............#. #.#
##.@................ #.#
##)....#.........##
♣.♣#♣#♣##.....)))........#
###.............#.......)..##
#####.♣.♣.♣.♣...#................
#.....#............##............
###.#.♣.♣.♣.♣...(#.##............
#...#(...........##............
#..#♣.♣#♣#♣##..................


You could see an orc warrior and an orc.

Vanquished Creatures
  The ghost of septik the Covered, an amateur GrFi (D:3)
  An orc wizard (D:3)
  Ijyb (D:2)
  An orc priest (D:3)
  2 adders (D:2)
  2 worms (D:2)
  A giant gecko (D:1)
  4 orcs (D:3)
  2 ball pythons
  4 giant cockroaches
  6 goblins
  9 hobgoblins
  3 jackals (D:2)
  5 kobolds
  A quokka (D:3)
  9 bats
  4 giant newts
  8 rats
64 creatures vanquished.

Notes
Turn   | Place    | Note
--------------------------------------------------------------
     0 | D:1      | ketsa the Deep Dwarf Berserker began the quest for the Orb.
     0 | D:1      | Reached XP level 1. HP: 20/20 MP: 1/1
   286 | D:1      | Reached XP level 2. HP: 25/27 MP: 2/2
   943 | D:2      | Reached skill level 4 in Axes
   984 | D:2      | Reached XP level 3. HP: 26/34 MP: 3/3
  1076 | D:2      | Reached ** piety under Trog
  1261 | D:2      | Noticed Ijyb
  1276 | D:2      | Killed Ijyb
  1276 | D:2      | Reached XP level 4. HP: 32/42 MP: 4/4
  1863 | D:3      | Found a faded altar to an unknown god.
  1867 | D:3      | Found a blossoming altar of Fedhas.
  2089 | D:3      | Reached skill level 5 in Axes
  2089 | D:3      | Reached XP level 5. HP: 46/49 MP: 5/5
  2315 | D:3      | Noticed septik's ghost (amateur GrFi)
  2391 | D:3      | Killed septik's ghost
  2616 | D:3      | Noticed an orc warrior
  2622 | D:3      | Mangled by an orc warrior

Action                   |  1- 3 |  4- 6 || total
-------------------------+-------+-------++-------
Melee: Hand axe          |   109 |   142 ||   251
Invok: Trog's Hand       |       |     3 ||     3
       Berserk           |       |     2 ||     2
  Use: Scroll            |       |     4 ||     4
  Eat: Chunk             |     1 |     4 ||     5
       Meat ration       |       |     1 ||     1
